 Dungeon Crawl Stone Soup version 0.23-b1-70-gd12f7cf (webtiles) character file.

Game seed: 985740641387062238

116 Kold the Chopper (level 5, -5/46 HPs)
             Began as a Hill Orc Monk on Feb 6, 2019.
             Killed from afar by Sigmund (10 damage)
             ... with a puff of flame
             ... on level 3 of the Dungeon.
             The game lasted 00:07:42 (2482 turns).

Kold the Chopper (Hill Orc Monk)                    Turns: 2482, Time: 00:07:43

Health: -5/46      AC:  3    Str: 14 (15) XL:     5   Next: 1%
Magic:  5/5        EV: 12    Int:  9 (10) God:
Gold:   180        SH:  0    Dex: 11 (13) Spells: 4/4 levels left

rFire    . . .     SeeInvis .   a - +1 hand axe
rCold    . . .     Gourm    +   (no shield)
rNeg     . . .     Faith    .   b - +0 robe
rPois    .         Spirit   .   p - +0 helmet
rElec    .         Reflect  .   (no cloak)
rCorr    .         Harm     .   (no gloves)
MR       .....     Rnd*Tele +   (no boots)
Stlth    ++........             q - amulet of the gourmand
HPRegen  0.15/turn              f - ring of teleportation
MPRegen  0.09/turn              (no ring)

@: marked, invisible
A: no striking features
a: no special abilities


You were on level 3 of the Dungeon.
You were full.

You visited 1 branch of the dungeon, and saw 3 of its levels.

You collected 180 gold pieces.

Inventory:

Hand Weapons
 a - a +1 hand axe (weapon)
 r - a +2 dagger of holy wrath
Armour
 b - a +0 robe (worn)
 p - a +0 helmet (worn)
Jewellery
 f - a ring of teleportation (left hand)
 k - an uncursed ring of flight
 q - an amulet of the gourmand (around neck)
 v - an uncursed ring of magical power {unknown}
Wands
 l - a wand of paralysis (6)
 t - a wand of polymorph (7)
Scrolls
 g - a scroll of noise
 j - 2 scrolls of identify
 m - a scroll of remove curse
 n - a scroll of enchant weapon
Potions
 d - a potion of might
 i - a potion of degeneration
 o - a potion of flight {unknown}
 s - 2 potions of haste {unknown}
Comestibles
 c - 2 rations


   Skills:
 - Level 3.6 Fighting
 + Level 7.2 Axes
 - Level 2.4 Dodging
 - Level 1.5 Stealth


You had 4 spell levels left.
You didn't know any spells.
Your spell library was empty.

Dungeon Overview and Level Annotations

Branches:
Dungeon (3/15)

Altars:
Nemelex Xobeh
Vehumet
Xom

Annotations:
D:3 Sigmund, Terence


Message History

Sigmund hits you from afar with a +0 scythe.
* * * LOW HITPOINT WARNING * * *
You hit the adder.
You kill the adder!
You have reached level 5!
You feel stronger.
Sigmund hits you from afar with a +0 scythe.
* * * LOW HITPOINT WARNING * * *
It was a potion of curing.
You feel better.
It was a potion of degeneration.
There was something very wrong with that liquid.
You feel weakened.
You feel dopey.
You feel clumsy. Sigmund gestures at you while chanting.
The puff of flame hits you!
* * * LOW HITPOINT WARNING * * *
It was a potion of invisibility.
You fade into invisibility!
Sigmund points at you and mumbles some strange words.
The puff of flame hits you!
You die...

....#####♣≈≈.♣.#
.......#≈#♣≈^#♣#
#...≈._#♣♣
###...§§§.#
##≈..§≈§.#
.##.§§#§##
#.##.≈♣### .
#.###^##.# ..
#.#@#...? #.
#§#§#... ..
#§#@#.## #.
#§§K§§.#
####..###§#######
...S....§K§......
###
####..##.########
..# .# ## #K...
#.####.# #..###


You could see Sigmund.

Vanquished Creatures
  Robin (D:2)
  2 adders (D:3)
  6 worms
  2 dart slugs (D:2)
  5 giant cockroaches
  13 goblins
  11 hobgoblins
  2 jackals (D:2)
  4 kobolds
  A quokka (D:3)
  8 bats
  2 frilled lizards (D:1)
  6 rats
63 creatures vanquished.

Notes
Turn   | Place    | Note
-------+----------+-------------------------------------------
     0 | D:1      | Kold the Hill Orc Monk began the quest for the Orb.
     0 | D:1      | Reached XP level 1. HP: 19/19 MP: 1/1
   389 | D:1      | Reached XP level 2. HP: 27/27 MP: 2/2
   523 | D:1      | Reached skill level 5 in Axes
   866 | D:1      | Reached XP level 3. HP: 25/33 MP: 3/3
  1193 | D:2      | Found a radiant altar of Vehumet.
  1299 | D:2      | Noticed Robin
  1406 | D:2      | Reached skill level 6 in Axes
  1418 | D:2      | Killed Robin
  1418 | D:2      | Reached XP level 4. HP: 10/40 MP: 4/4
  2256 | D:2      | Found a sparkling altar of Nemelex Xobeh.
  2353 | D:3      | Reached skill level 7 in Axes
  2451 | D:3      | Found a shimmering altar of Xom.
  2465 | D:3      | Noticed Sigmund
  2467 | D:3      | Noticed Terence
  2479 | D:3      | Reached XP level 5. HP: 9/46 MP: 5/5
  2482 | D:3      | Killed from afar by Sigmund

Skill      XL: |  1  2  3  4 |
---------------+-------------+-----
Axes           | 5 6 7 |  7.2
Fighting       | |  3.6
Dodging        | |  2.4
Stealth        | |  1.5

Action                   |  1- 3 |  4- 6 || total
-------------------------+-------+-------++-------
Melee: Hand axe          |   141 |    76 ||   217
  Use: Potion            |     1 |     4 ||     5
       Scroll            |       |     5 ||     5
 Stab: Sleeping          |     3 |     1 ||     4
  Eat: Chunk             |     5 |     9 ||    14
Armor: Robe              |    31 |    16 ||    47
       Skin              |       |    17 ||    17
Dodge: Dodged            |   126 |    36 ||   162
